 Dungeon Sprint DCSS version 0.30-a0-540-g0af01429fa (webtiles) character file.

Game seed: 14055096552658135331

11840 rocky1 the Imperceptible (level 11, -12/93 HPs)
             Began as a Merfolk Brigand on Dec 26, 2022.
             Was an Initiate of Gozag.
             Mangled by a jiangshi (18 damage)
             ... summoned by a mummy priest
             ... in the Dungeon (Sprint I: "Red Sonja").
             The game lasted 00:12:07 (1667 turns).

rocky1 the Imperceptible (Merfolk Brigand)          Turns: 1667, Time: 00:12:07

Health: -12/93     AC: 10    Str: 12    XL:     11   Next: 84%
Magic:  11/11      EV: 17    Int: 13    God:    Gozag
Gold:   2851       SH:  0    Dex: 20    Spells: 10/10 levels left

rFire   . . .      SeeInvis +    b - +8 autumn katana {manifold assault}
rCold   + . .      Faith    .    (no shield)
rNeg    . . .      Spirit   .    n - +3 leather armour {rC+}
rPois   .          Reflect  .    C - +0 helmet {Int+3}
rElec   .          Harm     .    B - +1 cloak {rCorr}
rCorr   +          Rampage  .    (no gloves)
Will    .....      NoTele   +    (no boots)
Stlth   ++++++++                 p - amulet of the acrobat
HPRegen 0.35/turn                A - ring of see invisible
MPRegen 0.12/turn                (no ring)

@: no status effects
A: (nimble swimmer 2), mertail
a: Renounce Religion, Potion Petition, Call Merchant, Bribe Branch


You were in the Dungeon.
You worshipped Gozag.
Gozag was most pleased with you.
You visited 1 branch You collected 5740 gold pieces.
You spent 2889 gold pieces at shops.

Inventory:

Hand Weapons
 a - a +5 rapier of speed
 b - the +8 autumn katana (weapon) {manifold assault}
   (You bought it in a shop in the Dungeon)

   It sometimes launches melee attacks against multiple visible enemies.
 m - a +1 dagger of venom
 q - a +2 dagger
Missiles
 d - 9 poisoned darts (quivered)
 e - 5 curare-tipped darts
Armour
 c - a +0 cloak
 n - a +3 leather armour of cold resistance (worn)
 s - a scarf of resistance
 t - a scarf of repulsion
 y - a +0 robe
 B - a +1 cloak of preservation (worn)
 C - a +0 helmet of intelligence (worn)
Jewellery
 p - an amulet of the acrobat (around neck)
 A - a ring of see invisible (left hand)
Wands
 l - a wand of polymorph (10)
Scrolls
 g - a scroll of enchant armour {unknown}
 k - 3 scrolls of blinking
 u - 2 scrolls of identify {unknown}
 v - 2 scrolls of enchant weapon {unknown}
 w - a scroll of immolation {unknown}
 x - 2 scrolls of fear {unknown}
Potions
 f - 4 potions of curing
 h - a potion of haste
 i - 2 potions of magic
 j - a potion of berserk rage
 o - a potion of brilliance {unknown}
 r - a potion of degeneration {unknown}
 z - a potion of heal wounds


   Skills:
 + Level 11.1 Fighting
 - Level 16.2(17.8) Short Blades
 * Level 12.6(16.1) Long Blades
 - Level 2.0 Throwing
 - Level 5.0 Armour
 - Level 8.8 Dodging
 * Level 22.8 Stealth


You had 10 spell levels left.
You didn't know any spells.
Your spell library was empty.

Dungeon Overview and Level Annotations

Branches:
Dungeon (1/1)

Altars:
Cheibriados
Dithmenos
Elyvilon
Fedhas
Gozag
Hepliaklqana
Kikubaaqudgha
Makhleb
Nemelex Xobeh
Okawaru
Qazlal
Ru
Sif Muna
Trog
Uskayaw
Vehumet
Wu Jian
Xom
Yredelemnul
Zin
The Shining One
Jiyva
Lugonu

Shops:
D *([=((:=**((**?[:

Annotations:
D exclusion: oklob plant


Innate Abilities, Weirdness & Mutations

((You are very nimble when in or above water. (Stealth+, EV+, Speed+++)))
Your lower body shifts to a powerful aquatic tail in water.


Message History

d - 6 poisoned darts (gained 1)
You see here a +0 trident.
Things that are here:
63 gold pieces; a +0 trident You now have 2635 gold pieces (gained 63).
Really walk into a travel-excluded area? [Y]es or [N]o only, please.
Really walk into a travel-excluded area?
Your legs become a tail as you enter the water.
You see here a poisoned dart.
d - 7 poisoned darts (gained 1)
Things that are here:
54 gold pieces; 2 poisoned darts; a +0 long sword
d - 9 poisoned darts (gained 2)
You now have 2689 gold pieces (gained 54).
The mummy priest prays to its god.
You see here 162 gold pieces.
You now have 2851 gold pieces (gained 162).
Your legs become a tail as you enter the water.
The jiangshi completely misses you.
The jiangshi claws you but does no damage.
The mummy priest calls on the powers of darkness!
Your body is wracked with pain!
The jiangshi completely misses you. The jiangshi misses you.
You see here a +0 trident.
The jiangshi attacks as you move away! The jiangshi claws you!!
The jiangshi draws strength from your injuries!
The jiangshi completely misses you. The jiangshi claws you!!
* * * LOW HITPOINT WARNING * * *
The jiangshi draws strength from your injuries!
The jiangshi claws you.
* * * LOW HITPOINT WARNING * * *
The jiangshi draws strength from your injuries!
Unknown command.
Blink to where?
Press: ? - help, Dir - move target
As you read the scroll of blinking, it crumbles to dust.
The jiangshi claws you!!
You die...
Your body crumbles into a pile of gold.

########################*********
#§§§.'..§.§§'..#..+§.$§#,,,$$$$$$
#§####.§§§§##..'@.#§§$$#*,,$$$$$$
#§#$*##..§#######V#§§!§§#****$$$$
'.#+*$###+#,,,*#.§#$§§$$#$$$*$$$$
###,,$*,*,**$$$#.)##$$§$#$∩$*$$$$
,,*,,$***,,***$#..≈###+##$$$*$$$$
.,+,,$$$**,*,*$#..≈.|#,****+*$$$$
9.*,,,,,*,,***$#.V≈)##+*,,,,**$$$
.°#**++**,**,,$#Z.≈##,,,,,,,,**$$
.##*,,***,,*+**#..≈#,,,,,,,,,,*$$


You could see a jiangshi (summoned) and a vampire (summoned).

Vanquished Creatures
  A deep elf annihilator (D)
  A hydra (D)
  2 centaur warriors (D)
  Sonja (D)
  A lindwurm (D)
  A deep troll (D)
  An oklob plant (D)
  2 merfolk sirens (D)
  2 kobold demonologists (D)
  2 unseen horrors (D)
  4 demonic crawlers (D)
  A hellwing (D)
  5 hornets (D)
  A slime creature (D)
  Sigmund (D)
  A yak (D)
  13 hogs (D)
  2 redbacks (D)
  3 floating eyes (D)
  An ogre (D)
  7 necrophages (D)
  8 jellies (D)
  Ijyb (D)
  A ballistomycete spore (D)
63 creatures vanquished.

Vanquished Creatures (others)
  A ballistomycete spore (D)
1 creature vanquished.

Grand Total: 64 creatures vanquished

Notes
Turn   | Place    | Note
-------+----------+-------------------------------------------
     0 | D        | rocky1 the Merfolk Brigand began the quest for the Orb.
     0 | D        | Reached XP level 1. HP: 16/16 MP: 1/1
     2 | D        | Noticed Ijyb
     7 | D        | Killed Ijyb
     8 | D        | Reached skill level 7 in Stealth
     8 | D        | Reached XP level 2. HP: 16/22 MP: 2/2
     8 | D        | Reached XP level 3. HP: 19/27 MP: 3/3
   387 | D        | Noticed an ogre
   390 | D        | Killed an ogre
   391 | D        | Reached skill level 9 in Stealth
   391 | D        | Reached XP level 4. HP: 33/33 MP: 4/4
   402 | D        | Noticed Sigmund
   405 | D        | Killed Sigmund
   406 | D        | Reached skill level 12 in Stealth
   406 | D        | Reached XP level 5. HP: 38/38 MP: 5/5
   406 | D        | Reached XP level 6. HP: 44/44 MP: 6/6
   421 | D        | Found an ornate altar of the Wu Jian Council.
   421 | D        | Found a shimmering blue altar of Sif Muna.
   423 | D        | Found a radiant altar of Vehumet.
   428 | D        | Reached skill level 13 in Stealth
   464 | D        | Noticed Sonja
   468 | D        | Killed Sonja
   469 | D        | Reached skill level 16 in Stealth
   469 | D        | Reached XP level 7. HP: 50/50 MP: 7/7
   526 | D        | Found Aloasiuc's Antique Weapon Emporium.
   526 | D        | Found an ancient bone altar of Kikubaaqudgha.
   526 | D        | Found a hazy altar of Hepliaklqana.
   526 | D        | Found a stormy altar of Qazlal.
   526 | D        | Found a hide-covered altar of Uskayaw.
   526 | D        | Found a blossoming altar of Fedhas.
   526 | D        | Found a bloodstained altar of Trog.
   526 | D        | Found an iron altar of Okawaru.
   526 | D        | Found a basalt altar of Yredelemnul.
   526 | D        | Found a glowing golden altar of the Shining One.
   526 | D        | Found a snail-covered altar of Cheibriados.
   526 | D        | Found a sacrificial altar of Ru.
   526 | D        | Found a glowing silver altar of Zin.
   526 | D        | Found a shadowy altar of Dithmenos.
   526 | D        | Found a white marble altar of Elyvilon.
   526 | D        | Noticed a yak
   527 | D        | Found an opulent altar of Gozag.
   528 | D        | Killed a yak
   529 | D        | Reached skill level 17 in Stealth
   529 | D        | Reached XP level 8. HP: 56/56 MP: 8/8
   529 | D        | Found a sparkling altar of Nemelex Xobeh.
   534 | D        | Became a worshipper of Gozag Ym Sagoz the Greedy
   538 | D        | Bought a glowing rapier for 147 gold pieces
   557 | D        | Found Kisoxzy's Assorted Antiques.
   577 | D        | Noticed a deep troll
   581 | D        | Killed a deep troll
   582 | D        | Reached skill level 1 in Armour
   588 | D        | Found Loytod's Armour Emporium.
   595 | D        | Bought a scarf of resistance for 352 gold pieces
   595 | D        | Bought a scarf of repulsion for 132 gold pieces
   626 | D        | Noticed a centaur warrior
   627 | D        | Noticed a centaur warrior
   642 | D        | Killed a centaur warrior
   643 | D        | Reached skill level 5 in Dodging
   643 | D        | Reached skill level 18 in Stealth
   643 | D        | Reached XP level 9. HP: 20/67 MP: 9/9
   655 | D        | Killed a centaur warrior
   656 | D        | Reached skill level 5 in Fighting
   941 | D        | Noticed a hornet
   944 | D        | Killed a hornet
   956 | D        | Noticed an oklob plant
   958 | D        | Killed an oklob plant
   959 | D        | Reached skill level 15 in Short Blades
   959 | D        | Reached skill level 19 in Stealth
   968 | D        | Reached XP level 10. HP: 77/77 MP: 10/10
  1125 | D        | Identified the +7 spear "Firr" {vorpal, Will+}
  1163 | D        | Found Ziawip's General Store.
  1163 | D        | Found Fesukiotz's Book Emporium.
  1163 | D        | Found Tayvicvu's Magic Scroll Emporium.
  1165 | D        | Found Arathil's Assorted Antiques.
  1165 | D        | Found Naext's Antique Weapon Shoppe.
  1165 | D        | Found Iceusemu's Weapon Shop.
  1165 | D        | Found Saygitut's Assorted Antiques.
  1165 | D        | Found Nyavidd's Assorted Antiques.
  1165 | D        | Found Iferabics's Jewellery Shoppe.
  1165 | D        | Found Sonup's Book Shop.
  1169 | D        | Bought 2 scrolls of blinking for 165 gold pieces
  1169 | D        | Bought a scroll of magic mapping for 82 gold pieces
  1171 | D        | Found Irghufed's Antique Weapon Emporium.
  1172 | D        | Bought a scroll labelled TEILYSIMOU for 20 gold pieces
  1172 | D        | Bought a scroll labelled QULYLO CEUG for 20 gold pieces
  1172 | D        | Found Mavalusm's Weapon Boutique.
  1172 | D        | Found Xeatem's Jewellery Shoppe.
  1173 | D        | Bought the +8 autumn katana {manifold assault} for 1161
                  | gold pieces
  1173 | D        | Found the +8 autumn katana {manifold assault}
  1173 | D        | Found Kunid's Antique Armour Shop.
  1175 | D        | Bought a scroll labelled CESAWK FUXUGAE for 30 gold pieces
  1175 | D        | Bought a scroll labelled QULYLO CEUG for 30 gold pieces
  1175 | D        | Bought a potion of heal wounds for 150 gold pieces
  1175 | D        | Bought a scroll labelled DIOWAX GYBRURCH for 30 gold pieces
  1177 | D        | Bought a ring of see invisible for 210 gold pieces
  1183 | D        | Bought a glowing cloak for 180 gold pieces
  1183 | D        | Bought a runed helmet for 180 gold pieces
  1208 | D        | Noticed an unseen horror
  1208 | D        | Noticed an unseen horror
  1210 | D        | Killed an unseen horror
  1211 | D        | Reached skill level 1 in Long Blades
  1211 | D        | Killed an unseen horror
  1248 | D        | Found a burning altar of Makhleb.
  1248 | D        | Found a viscous altar of Jiyva.
  1248 | D        | Found a shimmering altar of Xom.
  1248 | D        | Found a corrupted altar of Lugonu.
  1252 | D        | Reached skill level 5 in Armour
  1267 | D        | Noticed a kobold demonologist
  1268 | D        | Noticed a kobold demonologist
  1270 | D        | Killed a kobold demonologist
  1271 | D        | Reached skill level 20 in Stealth
  1273 | D        | Killed a kobold demonologist
  1285 | D        | Noticed a demonic crawler
  1285 | D        | Noticed a demonic crawler
  1285 | D        | Noticed a demonic crawler
  1285 | D        | Noticed a demonic crawler
  1287 | D        | Killed a demonic crawler
  1288 | D        | Reached skill level 5 in Long Blades
  1288 | D        | Killed a demonic crawler
  1290 | D        | Killed a demonic crawler
  1291 | D        | Killed a demonic crawler
  1292 | D        | Reached XP level 11. HP: 87/87 MP: 11/11
  1319 | D        | Noticed a lindwurm
  1322 | D        | Killed a lindwurm
  1323 | D        | Reached skill level 21 in Stealth
  1407 | D        | Reached skill level 10 in Fighting
  1407 | D        | Reached skill level 10 in Long Blades
  1429 | D        | Noticed a 12-headed hydra
  1431 | D        | Killed a 12-headed hydra
  1433 | D        | Paralysed by a floating eye for 2 turns
  1437 | D        | Reached skill level 22 in Stealth
  1534 | D        | Noticed a deep elf annihilator
  1538 | D        | Noticed a mummy priest
  1541 | D        | Killed a deep elf annihilator
  1543 | D        | Noticed an oklob plant
  1663 | D        | Noticed a jiangshi
  1667 | D        | Mangled by a jiangshi

Illustrated notes

Levels and vault maps discovered:
D:        dungeon_sprint_1 [red_sonja_temple_1, red_sonja_temple_small_1]

Skill      XL: |  1  2  3  4  5  6  7  8  9 10 11 |
---------------+----------------------------------+-----
Short Blades   | 4 6 8 11 12 13 15 16 | 16.2
Stealth        | 7 9 12 16 17 18 19 20 22 | 22.8
Fighting       | 4 6 8 11 | 11.1
Armour         | 2 4 5 |  5.0
Dodging        | 5 7 8 |  8.8
Long Blades    | 7 12 | 12.6
Throwing       | |  2.0

Action                   |  1- 3 |  4- 6 |  7- 9 | 10-12 || total
-------------------------+-------+-------+-------+-------++-------
Melee: Dagger            |     3 |     3 |     2 |       ||     8
       Rapier            |       |       |    30 |   129 ||   159
       Tailslap          |       |       |     7 |       ||     7
       Punch             |       |       |       |     5 ||     5
       Katana            |       |       |       |    18 ||    18
Throw: Dart              |     1 |       |       |     4 ||     5
  Use: Potion            |       |       |     1 |       ||     1
       Scroll            |       |       |       |     3 ||     3
 Stab: Sleeping          |     2 |     3 |     5 |    25 ||    35
       Distracted        |       |       |       |     2 ||     2
Armor: Leather armour    |       |       |     9 |    19 ||    28
Dodge: Dodged            |       |       |    21 |    46 ||    67

Table legend: (Time is in decaauts)
 A = Elapsed time spent in this place.
 B = Non-inter-level travel time spent in this place.
 C = Inter-level travel time spent in this place.
 D = Time resting spent in this place.
 E = Time spent auto-exploring this place.
 F = Levels seen in this place.
 G = Mean time per level.
                   A        B        C        D        E       F      G
               +--------+--------+--------+--------+--------+-----+--------+
         Total |   1545 |   1537 |      8 |    777 |      0 |   1 | 1545.0 |
       Dungeon |   1545 |   1537 |      8 |    777 |      0 |   1 | 1545.0 |
               +--------+--------+--------+--------+--------+-----+--------+

Top non-repeatable levels by time:
       D: 1545 daAuts
